 Dungeon Crawl Stone Soup version 0.31-a0-702-gf82c85558f (webtiles) character file.

Game seed: 14810548551529373334

921 qw the Skirmisher (level 8, 0/49 HPs)
             Began as a Gargoyle Hunter on Sept 8, 2023.
             Engulfed by a steam dragon's steam (3 damage)
             ... on level 6 of the Dungeon.
             The game lasted 00:02:05 (4404 turns).

qw the Skirmisher (Gargoyle Hunter)                 Turns: 4404, Time: 00:02:05

Health: 0/49       AC: 16    Str: 14    XL:     8   Next: 10%
Magic:  8/8        EV: 11    Int: 11    God:
Gold:   1101       SH:  0    Dex: 15    Spells: 7/7 levels left

rFire   . . .        Y - +0 shortbow
rCold   . . .        (shield currently unavailable)
rNeg    + . .        f - +0 ring mail
rPois   inf          b - +0 helmet
rElec   +            a - +0 cloak
rCorr   .            i - +2 pair of gloves
SInv    .            (no boots)
Will    .....        (no amulet)
Stlth   +            (no ring)
HPRegen 0.28/turn    (no ring)
MPRegen 0.11/turn

%: no passive effects
@: flying
A: sickness immunity, AC +5, negative energy resistance 1, electricity
resistance, torment resistance 1, petrification resistance, big wings, high MP
1, MP-powered wands
a: no special abilities


You were on level 6 of the Dungeon.
You visited 2 branches of the dungeon, and saw 7 of its levels.

You collected 1315 gold pieces.
You spent 214 gold pieces at shops.


Innate Abilities, Weirdness & Mutations

You are immune to sickness and miasma.
Your stone body is resilient. (AC +5)
You are immune to poison.
You resist negative energy. (rN+)
You are resistant to electric shocks. (rElec)
You are resistant to unholy torment.
You are immune to petrification.
Your large and strong wings let you fly.
You have an increased reservoir of magic. (+10% MP)
You expend magic power (3 MP) to strengthen your wands.


   Skills:
 - Level 5.0 Fighting
 + Level 8.4 Ranged Weapons
 - Level 2.2 Armour
 - Level 2.2 Dodging
 - Level 1.1 Stealth


You had 7 spell levels left.
You didn't know any spells.
Your spell library was empty.

Inventory:

Hand Weapons
 Y - a +0 shortbow (weapon)
Armour
 a - a +0 cloak (worn)
 b - a +0 helmet (worn)
 f - a +0 ring mail (worn)
 i - a +2 pair of gloves (worn)
Scrolls
 c - a scroll of brand weapon {unknown}
 g - a scroll of identify
Potions
 d - a potion of might
 j - 4 potions of curing
 m - a potion of enlightenment

Dungeon Overview and Level Annotations

Branches:
Dungeon (6/15)             Temple (1/1) D:5

Altars:
Ashenzari
Cheibriados
Dithmenos
Elyvilon
Gozag
Hepliaklqana
Kikubaaqudgha
Makhleb
Qazlal
Ru
Uskayaw
Yredelemnul
Zin
The Shining One

Shops:
D:4 *


Message History

The steam dragon claws you but does no damage.
You shoot an arrow.
The arrow hits the steam dragon but does no damage.
The steam dragon is moderately wounded.
The steam dragon breathes steam at you. The ball of steam misses you.
You hear a shout! x2
You shoot an arrow.
The arrow closely misses the steam dragon.
You are engulfed in a cloud of scalding steam.
The steam dragon bites you but does no damage.
The steam dragon completely misses you.
You shoot an arrow. The arrow hits the steam dragon!
The steam dragon is heavily wounded.
You are engulfed in a cloud of scalding steam.
The steam dragon barely misses you. The steam dragon claws you.
The steam dragon breathes steam at you. The ball of steam hits you!
You shoot an arrow. The arrow hits the steam dragon!
The steam dragon is severely wounded.
You are engulfed in a cloud of scalding steam.
An ufetubus comes into view.
The steam dragon bites you.
The steam dragon claws you but does no damage.
You shoot an arrow.
The arrow hits the steam dragon but does no damage.
The steam dragon is severely wounded.
The steam dragon bites you but does no damage.
The steam dragon claws you.
You shoot an arrow. The arrow hits the steam dragon.
The steam dragon is almost dead.
The steam dragon breathes steam at you. The ball of steam hits you!
A giant cockroach comes into view.
You hear a shout!
You shoot an arrow.
The arrow hits the steam dragon but does no damage.
The steam dragon is almost dead.
You are engulfed in a cloud of scalding steam.
You die...

~~~~#.#.#
~~~....B# #.#
#.# #.#
#.######## ##
#####.........
.
#...D....#####
#.#.##@..###
#.#.#.¤...#
#.....¤..## ..
.#
###.###..##7.}
.#
#.###.......
##.##
#.##~~~~~~~~
##...#####
#...~~~~~~~~
##........
####........
#.......# #
##.....#7.}


You could see a steam dragon (catching breath) and a giant cockroach.

Vanquished Creatures
  An ice beast (D:5)
  An orc warrior (D:4)
  An ogre (D:5)
  2 scorpions
  5 hounds
  A jelly (D:4)
  2 iguanas
  A sleepcap (D:5)
  2 orc wizards (D:5)
  Robin (D:4)
  4 gnolls (D:5)
  6 adders
  A white imp (D:3)
  A worm (D:2)
  4 dart slugs
  15 orcs
  6 bats
  5 endoplasms
  2 giant cockroaches
  14 goblins
  6 hobgoblins
  2 jackals (D:1)
  10 kobolds
  A quokka (D:4)
  5 ball pythons
  7 frilled lizards
  7 rats
113 creatures vanquished.

Notes
Turn   | Place    | Note
-------+----------+-------------------------------------------
     0 | D:1      | qw the Gargoyle Hunter began the quest for the Orb.
     0 | D:1      | Reached XP level 1. HP: 12/12 MP: 1/1
     0 | D:1      | 0 ||| qw: Version: 0.3-a-76-g4403597
     0 | D:1      | 0 ||| qw: Game counter: 1214
     0 | D:1      | 0 ||| qw: Melee chars always use a shield: true
     0 | D:1      | 0 ||| qw: God list: Okawaru
     0 | D:1      | 0 ||| qw: Allow faded altars: false
     0 | D:1      | 0 ||| qw: Do Orc after clearing Dungeon:15 true
     0 | D:1      | 0 ||| qw: Do second Lair branch before Depths: true
     0 | D:1      | 0 ||| qw: Lair rune preference: random
     0 | D:1      | 0 ||| qw: Goals: Normal
     0 | D:1      | 0 ||| PLANNING D:1-11
    85 | D:1      | Reached XP level 2. HP: 17/17 MP: 2/2
   273 | D:1      | Reached XP level 3. HP: 21/21 MP: 3/3
   631 | D:1      | 631 ||| UPGRADING to +0 ring mail.
   641 | D:1      | 641 ||| DROPPING +0 leather armour.
   642 | D:1      | 642 ||| READING scroll labelled QUTOGE COSES.
   643 | D:1      | 643 ||| READING 2 scrolls labelled SUKASAUCWE.
   644 | D:1      | 644 ||| READING scroll labelled JAGRIA BIBILU.
   645 | D:1      | 645 ||| DROPPING scroll of butterflies.
   672 | D:2      | Reached skill level 1 in Armour
   699 | D:2      | Reached skill level 5 in Ranged Weapons
   713 | D:2      | Found a faded altar of an unknown god.
  1216 | D:2      | 1216 ||| UPGRADING to +2 pair of gloves.
  1221 | D:2      | 1221 ||| READING scroll labelled ELUIM YMATEXT.
  1222 | D:2      | 1222 ||| READING scroll labelled MOXKACZ EQULI.
  1223 | D:2      | 1223 ||| DRINKING 3 fuming purple potions.
  1259 | D:3      | 1259 ||| STAIRDANCE
  1265 | D:3      | 1265 ||| STAIRDANCE
  1270 | D:3      | 1270 ||| STAIRDANCE
  1275 | D:3      | 1275 ||| STAIRDANCE
  1313 | D:3      | Reached XP level 4. HP: 21/27 MP: 4/4
  1315 | D:3      | Reached skill level 3 in Fighting
  1315 | D:3      | 1315 ||| STAIRDANCE
  1467 | D:3      | HP: 5/28 [iguana (6)]
  1475 | D:3      | Reached XP level 5. HP: 6/32 MP: 5/5
  1596 | D:3      | Found a basalt altar of Yredelemnul.
  1672 | D:3      | HP: 5/32 [frozen (4)]
  1781 | D:3      | 1781 ||| Stepping ~*~*~tactically~*~*~ (outnumbered).
  1784 | D:3      | 1784 ||| Stepping ~*~*~tactically~*~*~ (outnumbered).
  1788 | D:3      | 1788 ||| Stepping ~*~*~tactically~*~*~ (outnumbered).
  1958 | D:3      | Reached skill level 6 in Ranged Weapons
  2198 | D:3      | 2198 ||| DROPPING ring of flight.
  2199 | D:3      | 2199 ||| READING 2 scrolls of identify.
  2199 | D:3      | 2199 ||| IDENTIFYING white potion
  2200 | D:3      | 2200 ||| DROPPING potion of berserk rage.
  2220 | D:4      | Noticed a +0 dagger
  2221 | D:4      | Noticed a +0 hand axe
  2268 | D:4      | Found a hide-covered altar of Uskayaw.
  2414 | D:4      | Noticed an orc warrior
  2425 | D:4      | Killed an orc warrior
  2426 | D:4      | Reached XP level 6. HP: 21/39 MP: 6/6
  2455 | D:4      | 2455 ||| FLEEEEING.
  2456 | D:4      | 2456 ||| FLEEEEING.
  2457 | D:4      | 2457 ||| FLEEEEING.
  2529 | D:4      | Found a glowing golden altar of the Shining One.
  2568 | D:4      | Noticed Robin
  2588 | D:4      | HP: 9/39 [goblin/+0 dagger[Robin] (1)]
  2590 | D:4      | HP: 4/39 [Robin/+0 spear (3)]
  2598 | D:4      | HP: 3/39 [Robin/+0 spear (1)]
  2599 | D:4      | Killed Robin
  2946 | D:4      | Found a sacrificial altar of Ru.
  3120 | D:4      | Found Xairph's Assorted Antiques.
  3128 | D:4      | 3128 ||| BUYING 2 potions of curing (132 gold).
  3128 | D:4      | Bought 2 potions of curing for 132 gold pieces
  3128 | D:4      | 3128 ||| SHOPLISTING cabochon ring (110 gold, have 89).
  3128 | D:4      | 3128 ||| BUYING pink potion (19 gold).
  3128 | D:4      | Bought a pink potion for 19 gold pieces
  3128 | D:4      | 3128 ||| SHOPLISTING runed leather armour (110 gold, have
                  | 70).
  3128 | D:4      | 3128 ||| BUYING scroll labelled FEMOUG BINEUTOSM (22 gold).
  3128 | D:4      | Bought a scroll labelled FEMOUG BINEUTOSM for 22 gold
                  | pieces
  3128 | D:4      | 3128 ||| BUYING scroll labelled JUFULIABLE (22 gold).
  3128 | D:4      | Bought a scroll labelled JUFULIABLE for 22 gold pieces
  3128 | D:4      | 3128 ||| SHOPLISTING shadowed robe (125 gold, have 26).
  3128 | D:4      | 3128 ||| BUYING smoky ruby potion (19 gold).
  3128 | D:4      | Bought a smoky ruby potion for 19 gold pieces
  3237 | D:4      | 3237 ||| UPGRADING to +0 helmet.
  3242 | D:4      | 3242 ||| READING scroll labelled UKOSEI FY CAC.
  3243 | D:4      | 3243 ||| READING scroll labelled FEMOUG BINEUTOSM.
  3273 | D:4      | 3273 ||| READING scroll labelled JUFULIABLE.
  3274 | D:4      | 3274 ||| DRINKING 2 brown potions.
  3274 | D:4      | Gained mutation: You are vulnerable to heat. (rF-) [potion
                  | of mutation]
  3274 | D:4      | Gained mutation: You are dopey. (Int -2) [potion of
                  | mutation]
  3274 | D:4      | Lost mutation: You are dopey. (Int -2) [potion of mutation]
  3275 | D:4      | 3275 ||| DRINKING potion of mutation.
  3275 | D:4      | Lost mutation: You are vulnerable to heat. (rF-) [potion of
                  | mutation]
  3275 | D:4      | Gained mutation: Your large and strong wings let you fly.
                  | [potion of mutation]
  3275 | D:4      | Gained mutation: You expend magic power (3 MP) to
                  | strengthen your wands. [potion of mutation]
  3275 | D:4      | Gained mutation: You have an increased reservoir of magic.
                  | (+10% MP) [potion of mutation]
  3276 | D:4      | 3276 ||| READING 3 scrolls of identify.
  3276 | D:4      | 3276 ||| IDENTIFYING pink potion
  3277 | D:4      | 3277 ||| READING 2 scrolls of identify.
  3277 | D:4      | 3277 ||| IDENTIFYING sedimented red potion
  3278 | D:4      | 3278 ||| DROPPING potion of attraction.
  3292 | D:5      | Entered Level 5 of the Dungeon
  3338 | D:5      | Noticed an ice beast
  3364 | D:5      | HP: 3/39 [ice beast (13)]
  3367 | D:5      | Killed an ice beast
  3368 | D:5      | Reached skill level 7 in Ranged Weapons
  3368 | D:5      | Reached XP level 7. HP: 4/44 MP: 7/7
  3534 | D:5      | 3534 ||| DRINKING 5 potions of curing.
  3534 | D:5      | 3534 ||| (to cure confusion)
  3541 | D:5      | HP: 9/44 [iguana (6)]
  3853 | D:5      | Found a staircase to the Ecumenical Temple.
  3854 | D:5      | 3854 ||| PLANNING TEMPLE
  3875 | D:5      | 3875 ||| READING scroll labelled RYIRCH LUJAS.
  3875 | D:5      | Identified a scroll of acquirement
  3875 | D:5      | 3875 ||| ACQUIRING 1079 gold pieces
  3875 | D:5      | Acquired 1079 gold pieces
  3877 | D:5      | 3877 ||| READING scroll labelled UMEVIEKIT CIBI.
  3878 | D:5      | 3878 ||| READING scroll labelled HION HEOTOCRAE.
  3883 | D:5      | 3883 ||| READING 3 scrolls of identify.
  3883 | D:5      | 3883 ||| IDENTIFYING inky potion
  3884 | D:5      | 3884 ||| READING 2 scrolls of identify.
  3884 | D:5      | 3884 ||| IDENTIFYING smoky ruby potion
  3885 | D:5      | 3885 ||| DROPPING potion of lignification.
  3913 | Temple   | Entered the Ecumenical Temple
  3914 | Temple   | 3914 ||| PLANNING D:1-11
  3952 | D:5      | Reached skill level 8 in Ranged Weapons
  4069 | D:5      | Found an ancient bone altar of Kikubaaqudgha.
  4144 | D:5      | 4144 ||| UPGRADING to +0 cloak.
  4166 | D:6      | 4166 ||| PLANNING SEWER
  4237 | D:6      | 4237 ||| Stepping ~*~*~tactically~*~*~ (retreating).
  4238 | D:6      | 4238 ||| Stepping ~*~*~tactically~*~*~ (retreating).
  4239 | D:6      | 4239 ||| Stepping ~*~*~tactically~*~*~ (retreating).
  4302 | D:6      | Reached XP level 8. HP: 49/49 MP: 8/8
  4384 | D:6      | 4384 ||| Stepping ~*~*~tactically~*~*~ (cloud).
  4385 | D:6      | 4385 ||| Stepping ~*~*~tactically~*~*~ (cloud).
  4390 | D:6      | 4390 ||| Stepping ~*~*~tactically~*~*~ (cloud).
  4391 | D:6      | 4391 ||| Stepping ~*~*~tactically~*~*~ (cloud).
  4394 | D:6      | 4394 ||| Stepping ~*~*~tactically~*~*~ (cloud).
  4403 | D:6      | HP: 3/49 [steam dragon/ball of steam (14)]
  4404 | D:6      | Engulfed by a steam dragon's steam

Levels and vault maps discovered:
D:1:      eino_arrival_water_cross, layout_basic, minmay_tiny_reverse_x
D:2:      cheibrodos_helix_gallery, layout_rooms,
          hellmonk_ecumenical_altar_heavens_door, serial_corexii_hall,
          chequers_hall_statues_corner_a, corexii_hall_statues_l,
          corexii_hall_statues_u, corexii_hall_statues_t
D:3:      layout_loops_cross, old_standard_altar, lexackson_kobold_supper
D:4:      layout_layer_cave, tso_metal_star, mainiacjoe_overflow_brackets,
          dancing_weapons_uskayaw, serial_shops, shop, uniq_robin
D:5:      layout_rooms, kennysheep_mini, minmay_temple_entry_hall
D:6:      layout_loops_corners, doesnt_xom_only_xom,
          cheibrodos_sewer_entry_drain, minmay_misc_feat_enclosed,
          nicolae_wooded_promenade, uniq_sigmund
Temple:   nicolae_temple_ecumenical_triangle

Skill      XL: |  1  2  3  4  5  6  7 |
---------------+----------------------+-----
Armour         | 1 2 |  2.2
Ranged Weapons | 5 6 7 8 |  8.4
Fighting       | 3 4 5 |  5.0
Dodging        | 2 |  2.2
Stealth        | |  1.1

Action                     |  1- 3 |  4- 6 |  7- 9 || total
---------------------------+-------+-------+-------++-------
   Fire: Shortbow          |   136 |   249 |   157 ||   542
    Use: Scroll            |     5 |     6 |     5 ||    16
         Potion            |     1 |     2 |     1 ||     4
 Armour: Leather armour    |    23 |       |       ||    23
         Ring mail         |    19 |   187 |   106 ||   312
  Dodge: Dodged            |    55 |   134 |    69 ||   258

Table legend:
 A = Non-vault XP
 B = Vault XP
 C = Vault XP percentage of total XP
 D = Non-vault monster count
 E = Vault monster count
 F = Vault count percentage of total count
                 A         B        C        D         E       F
            +---------+---------+-------+---------+---------+-------
      Total |    1264 |      53 |   4.0 |      88 |      25 |  22.1
            +---------+---------+-------+---------+---------+-------
        D:1 |      34 |       3 |   8.1 |      21 |       2 |   8.7
        D:2 |      39 |       3 |   7.1 |      11 |       2 |  15.4
        D:3 |     141 |       9 |   6.0 |      21 |       8 |  27.6
        D:4 |     240 |      36 |  13.0 |      12 |      12 |  50.0
        D:5 |     561 |       0 |   0.0 |      16 |       0 |   0.0
        D:6 |     249 |       2 |   0.8 |       7 |       1 |  12.5
            +---------+---------+-------+---------+---------+-------
